 Dungeon Crawl Stone Soup version 0.22.1-2-g9c5b331 (webtiles) character file.

9839 LORDOFBUTT the Cleaver (level 11, -7/153 HPs)
             Began as a Minotaur Berserker on Nov 23, 2018.
             Was a High Priest of Trog.
             Killed by drain life
             ... invoked by a soul eater
             ... summoned by a kobold demonologist
              (11 damage)
             ... on level 10 of the Dungeon.
             The game lasted 00:12:48 (9360 turns).

LORDOFBUTT the Cleaver (Minotaur Berserker)         Turns: 9360, Time: 00:12:49

Health: -7/153     AC: 13    Str: 30    XL:     11   Next: 28%
Magic:  10/10      EV: 15    Int:  4    God:    Trog [*****.]
Gold:   616        SH:  0    Dex: 10    Spells: 10/10 levels left

rFire    + . .     SeeInvis .   l - +2 hand axe (flame)
rCold    + . .     Gourm    .   (no shield)
rNeg     . . .     Faith    .   h - +3 ring mail {rPois}
rPois    +         Spirit   .   (helmet restricted)
rElec    .         Reflect  .   r - scarf {rC+ rF+}
rCorr    .         Harm     .   p - +2 pair of gloves
MR       .....                  (no boots)
Stlth    ..........             (no amulet)
HPRegen  0.35/turn              (no ring)
MPRegen  0.12/turn              (no ring)

@: berserking (expiring), very quick
A: retaliatory headbutt, horns 2
a: Berserk, Trog's Hand, Brothers in Arms, Renounce Religion


You were on level 10 of the Dungeon.
You worshipped Trog.
Trog was extremely pleased with you.
You were not hungry.

You visited 1 branch of the dungeon, and saw 10 of its levels.

You collected 616 gold pieces.

Inventory:

Hand Weapons
 l - a +2 hand axe of flaming (weapon)
 q - a +0 halberd of freezing
Missiles
 t - 8 needles of frenzy
Armour
 h - a +3 ring mail of poison resistance (worn)
 p - a +2 pair of gloves (worn)
 r - a scarf of resistance (worn)
Wands
 b - a wand of flame (30)
 v - a wand of random effects (39)
Scrolls
 a - 2 scrolls of enchant armour
 e - 6 scrolls of remove curse
 f - 4 scrolls of identify
 g - 3 scrolls of blinking {unknown}
 i - 5 scrolls of magic mapping
 j - 6 scrolls of fog
 k - 2 scrolls of random uselessness
 o - a scroll of fear
 u - a scroll of enchant weapon
 w - a scroll of teleportation
 y - a scroll of immolation {unknown}
Potions
 d - a potion of invisibility
 m - a potion of might
 n - 2 potions of lignification
 s - 6 potions of agility
 x - a potion of curing
 z - a potion of ambrosia
 A - a potion of degeneration
Comestibles
 c - 10 rations


   Skills:
 + Level 11.2 Fighting
 + Level 11.3 Axes
 + Level 10.6 Armour
 + Level 9.9 Dodging
 - Level 0.5 Stealth


You had 10 spell levels left.
You didn't know any spells.
Your spell library was empty.

Dungeon Overview and Level Annotations

Branches:
Dungeon (10/15)            Temple (0/1) D:7            Lair (0/6) D:9
    Orc: D:9-12

Altars:
Ashenzari
Makhleb
Yredelemnul

Shops:
D:8 (*%


Innate Abilities, Weirdness & Mutations

You reflexively headbutt those who attack you in melee.
You have a pair of horns on your head.


Message History

You slice the sixfirhy!! You burn the sixfirhy!
You feel the power of Trog in you as your rage grows.
You kill the sixfirhy!
You slash the sixfirhy! You burn the sixfirhy. You slash the iron imp!
The sixfirhy hits you but does no damage.
The sixfirhy closely misses you.
Unknown command.
You slash the iron imp!
You kill the iron imp!
You slash the sixfirhy! You burn the sixfirhy.
You closely miss the kobold demonologist.
The sixfirhy hits you.
* * * LOW HITPOINT WARNING * * *
The sixfirhy shocks you!
* * * LOW HITPOINT WARNING * * *
The soul eater draws from the surrounding life force!
* * * LOW HITPOINT WARNING * * *
You are too berserk!
The soul eater draws from the surrounding life force!
You die...

# .. ..≈
..≈≈############
..≈≈≈≈≈≈≈≈≈≈≈≈≈≈
..≈≈≈≈≈≈≈≈≈≈≈≈≈≈
#.....)@(K......
......)#K3KK3...
##.....#4.5.....
#.....#........
#.....#...3....
#..!..#...5....
#.....#........
#.....#........
#........


You could see 2 soul eaters, a hellwing, 3 kobold demonologists, a sixfirhy, a
white imp, a shadow imp and a kobold.

Vanquished Creatures
  Harold (D:8)
  A centaur warrior (D:9)
  Erica (D:9)
  A two-headed ogre (D:9)
  2 unseen horrors (D:9)
  An elephant (D:9)
  2 trolls (D:9)
  Grinder (D:5)
  A hornet (D:8)
  5 hippogriffs
  A vampire (D:9)
  A basilisk (D:9)
  2 soldier ants (D:8)
  A water moccasin (D:7)
  The ghost of antares the Magician, an amateur DEFE (D:3)
  A black bear (D:7)
  3 orc warriors
  A sky beast (D:6)
  An ice beast (D:5)
  2 phantoms (D:9)
  4 ogres
  3 centaurs
  A crocodile (D:9)
  2 big kobolds
  3 bullfrogs
  A water moccasin skeleton (D:5)
  2 scorpions
  An electric eel (D:10)
  2 bullfrog zombies (D:5)
  A quasit (D:3)
  2 crimson imps
  4 hounds
  2 jellies
  Crazy Yiuf (D:7)
  6 orc priests
  A centaur skeleton (D:7)
  10 orc wizards
  Ijyb (D:5)
  3 iguanas
  4 worker ants
  4 hound skeletons
  Robin (D:3)
  13 adders
  9 gnolls
  4 shadow imps
  An adder skeleton (D:9)
  2 worms
  2 dart slugs
  9 leopard geckos
  32 orcs
  A ball python (D:5)
  4 giant cockroaches
  12 goblins
  6 hobgoblins
  4 jackals
  19 kobolds
  4 quokkas
  9 bats
  9 frilled lizards
  A quokka zombie (D:6)
  6 rats
  A plant (D:6)
237 creatures vanquished.

Notes
Turn   | Place    | Note
-------+----------+-------------------------------------------
     0 | D:1      | LORDOFBUTT the Minotaur Berserker began the quest for the
                  | Orb.
     0 | D:1      | Reached XP level 1. HP: 19/19 MP: 0/0
   179 | D:1      | Reached XP level 2. HP: 27/27 MP: 1/1
   660 | D:2      | Reached XP level 3. HP: 26/33 MP: 2/2
  1223 | D:2      | Reached ** piety under Trog
  1736 | D:3      | Found a burning altar of Makhleb.
  1781 | D:3      | Reached skill level 5 in Axes
  1781 | D:3      | Reached XP level 4. HP: 26/41 MP: 3/3
  1945 | D:3      | Noticed Robin
  1971 | D:3      | Killed Robin
  2234 | D:3      | Reached XP level 5. HP: 19/47 MP: 4/4
  2846 | D:3      | Found a runed door.
  2847 | D:3      | Noticed antares's ghost (amateur DEFE)
  2946 | D:3      | Killed antares's ghost
  2946 | D:3      | Reached skill level 5 in Fighting
  2946 | D:3      | Reached XP level 6. HP: 56/56 MP: 5/5
  3020 | D:3      | Reached *** piety under Trog
  3563 | D:4      | Found a shattered altar of Ashenzari.
  3762 | D:5      | Entered Level 5 of the Dungeon
  3846 | D:5      | You fall through a shaft!
  3858 | D:6      | Reached XP level 7. HP: 62/62 MP: 6/6
  3968 | D:6      | Reached skill level 5 in Armour
  4516 | D:5      | Reached **** piety under Trog
  4541 | D:5      | Noticed Grinder
  4541 | D:5      | Paralysed by Grinder for 5 turns
  4557 | D:5      | Killed Grinder
  4557 | D:5      | Reached skill level 5 in Dodging
  4557 | D:5      | Reached XP level 8. HP: 71/71 MP: 7/7
  4574 | D:5      | Noticed Ijyb
  4581 | D:5      | Killed Ijyb
  5751 | D:6      | Received a gift from Trog
  5893 | D:7      | Reached XP level 9. HP: 77/81 MP: 8/8
  6110 | D:7      | Found a staircase to the Ecumenical Temple.
  6568 | D:7      | Found a runed door.
  6670 | D:7      | Noticed Crazy Yiuf
  6673 | D:7      | Killed Crazy Yiuf
  6773 | D:8      | Found Cocruyplo's Assorted Antiques.
  6792 | D:8      | Noticed Harold
  6802 | D:8      | Killed Harold
  6963 | D:8      | Found Syunaol's Food Shop.
  7102 | D:8      | Found Webid's Weapon Shop.
  7153 | D:8      | Found a basalt altar of Yredelemnul.
  7364 | D:8      | Reached XP level 10. HP: 91/91 MP: 9/9
  7869 | D:9      | Found a staircase to the Lair.
  7869 | D:9      | Noticed an elephant
  7879 | D:9      | Killed an elephant
  7879 | D:9      | Reached skill level 10 in Axes
  7906 | D:9      | Reached skill level 10 in Fighting
  7991 | D:9      | Killed an unseen horror
  8271 | D:9      | Noticed Erica
  8271 | D:9      | Noticed a centaur warrior
  8280 | D:9      | Killed Erica
  8282 | D:9      | Killed a centaur warrior
  8282 | D:9      | Reached skill level 10 in Armour
  8413 | D:9      | Reached XP level 11. HP: 37/101 MP: 10/10
  8646 | D:9      | Reached ***** piety under Trog
  8723 | D:9      | Noticed a two-headed ogre
  8729 | D:9      | Killed a two-headed ogre
  8735 | D:9      | Killed an unseen horror
  9332 | D:10     | Entered Level 10 of the Dungeon
  9339 | D:10     | Noticed a sixfirhy
  9345 | D:10     | Noticed a soul eater
  9349 | D:10     | Noticed a sixfirhy
  9351 | D:10     | Noticed a sixfirhy
  9357 | D:10     | Noticed a soul eater
  9359 | D:10     | HP: 4/153 [soul eater/drain life[a kobold demonologist]
                  | (12)]
  9360 | D:10     | Killed from afar by a soul eater

Skill      XL: |  1  2  3  4  5  6  7  8  9 10 11 |
---------------+----------------------------------+-----
Axes           | 4 5 6 7 8 9 11 | 11.3
Fighting       | 4 5 6 8 9 10 11 | 11.2
Armour         | 3 4 5 7 8 10 | 10.6
Dodging        | 3 4 5 6 8 9 |  9.9
Stealth        | |  0.5

Action                   |  1- 3 |  4- 6 |  7- 9 | 10-12 || total
-------------------------+-------+-------+-------+-------++-------
Melee: Hand axe          |    72 |    91 |   284 |   178 ||   625
       Headbutt          |     8 |    16 |    54 |    35 ||   113
Invok: Berserk           |     1 |     3 |     2 |     7 ||    13
  Use: Potion            |     1 |     1 |       |     2 ||     4
       Scroll            |     5 |     4 |     1 |     9 ||    19
 Stab: Sleeping          |     1 |       |       |       ||     1
  Eat: Ration            |     1 |     2 |       |     3 ||     6
       Chunk             |       |     5 |    10 |     5 ||    20
Armor: Animal skin       |    13 |     7 |       |       ||    20
       Chain mail        |       |    10 |    34 |       ||    44
       Ring mail         |       |       |    70 |    97 ||   167
Dodge: Dodged            |    52 |    66 |   146 |   113 ||   377
